 Dungeon Crawl Stone Soup version 0.18.1-8-gdd0e5ea (webtiles) character file.

116 Medar the Slasher (level 4, -3/31 HPs)
             Began as a Demonspawn Chaos Knight on May 21, 2016.
             Slain by a small abomination (12 damage)
             ... on level 1 of the Abyss.
             The game lasted 00:05:04 (2384 turns).

Medar the Slasher (Demonspawn Chaos Knight)         Turns: 2384, Time: 00:05:05

Health: -3/31      AC:  9    Str: 11    XL:     4   Next: 69%
Magic:  4/4        EV: 16    Int: 13    God:    Xom [.*....]
Gold:   106        SH:  0    Dex: 20    Spells: 0 memorised, 3 levels left

rFire  . . .     SeeInvis .     a - +0 falchion (chaos)
rCold  . . .     Gourm    .     b - +2 leather armour
rNeg   . . .     Faith    .     (no shield)
rPois  .         Spirit   .     (no helmet)
rElec  .         Dismiss  .     (no cloak)
rCorr  .         Reflect  .     h - +1 pair of gloves
SustAt .         Harm     .     (no boots)
MR     .....                    (no amulet)
Stlth  ++........               (no ring)
                                (no ring)

@: agile, not resistant to hostile enchantments, unstealthy
A: hooves 1, yellow scales 1, agile 1, frail 1, slow regeneration 1, weak 1,
subdued magic 1
a: Renounce Religion


You were on level 1 of the Abyss.
You worshipped Xom.
You were a plaything of Xom.
You were hungry.

You visited 1 branch of the dungeon, and saw 3 of its levels.
You visited the Abyss 1 time.

You collected 106 gold pieces.

Inventory:

Hand Weapons
 a - a +0 falchion of chaos (weapon)
Armour
 b - a +2 leather armour (worn)
 h - a +1 pair of gloves (worn)
Scrolls
 f - a scroll of fog
 i - a scroll of amnesia
Potions
 d - 2 potions of curing {@q1}
 k - a potion of might
Comestibles
 c - 5 bread rations {@e1}
 j - a slice of pizza


   Skills:
 - Level 3.0 Fighting
 + Level 5.0 Long Blades
 - Level 1.7 Armour
 - Level 0.8 Dodging


You had 3 spell levels left.
You didn't know any spells.

Dungeon Overview and Level Annotations

Branches:
Dungeon (3/15)

Altars:


Innate Abilities, Weirdness & Mutations

You have large cloven feet.
You are partially covered in yellow scales (AC +2).
You are agile. (Dex +2)
You are frail (-10% HP).
You regenerate slowly when monsters are visible.
You are weak. (Str -2)
Your spells are a little easier to cast, but a little less powerful.


Message History

Okay, then.
Read which item? (? for menu, Esc to quit)
As you read the scroll labeled RUZXUXK HEKHLAE, it crumbles to dust.
You feel blessed for a moment.
It was a scroll of remove curse.
The deep elf mage casts a spell at you. The bolt of lightning hits you!
Ouch! That really hurt!
* * * LOW HITPOINT WARNING * * *
Read which item? (? for menu, Esc to quit)
As you read the scroll labeled TETUNI COIN, it crumbles to dust.
It is a scroll of enchant armour.
Enchant which item? (? for menu, Esc to quit)
Your +0 pair of gloves glows green for a moment.
The small abomination barely misses you.
Drink which item? (? for menu, Esc to quit)
You feel agile all of a sudden.
The deep elf mage disappears in a puff of smoke!
The small abomination hits you!
You die...
Xom laughs nastily!

.... #.#.... . ..
.......
.########.#....#
#...e.....##...##
.##........ X
#..ex..X.. ยง..
#..###x.#..##..#
. . #@.#..## .# .
#.......... .
#..........
###..#..##..
#..#..# ..
........ ....
.... #..#. ##.


You could see a large abomination, 2 deep elf magi, a worldbinder and a small
abomination.

Vanquished Creatures
  Terence (D:2)
  3 adders
  5 dart slugs
  2 giant geckos
  3 giant cockroaches
  7 hobgoblins
  4 jackals (D:2)
  A quokka (D:2)
  3 bats (D:1)
  3 giant newts
  9 goblins
  7 kobolds
  4 rats
52 creatures vanquished.

Notes
Turn   | Place    | Note
--------------------------------------------------------------
     0 | D:1      | Medar the Demonspawn Chaos Knight began the quest for the Orb.
     0 | D:1      | Reached XP level 1. HP: 18/18 MP: 1/1
    55 | D:1      | XOM: potion effect (brilliance)
    64 | D:1      | Reached skill level 3 in Long Blades
    75 | D:1      | XOM: harmless Pois miscast
   218 | D:1      | XOM: silly message
   226 | D:1      | Gained mutation: You have large cloven feet. [demonic ancestry]
   226 | D:1      | Reached XP level 2. HP: 24/24 MP: 2/2
   506 | D:1      | XOM: divination: detect creatures
   546 | D:1      | XOM: noise
   777 | D:1      | XOM: noise
  1021 | D:1      | Gained mutation: You are partially covered in yellow scales (AC +2). [demonic ancestry]
  1021 | D:1      | Reached XP level 3. HP: 29/29 MP: 3/3
  1120 | D:1      | Reached skill level 4 in Long Blades
  1265 | D:2      | Noticed Terence
  1272 | D:2      | Killed Terence
  1272 | D:2      | Reached XP level 4. HP: 32/35 MP: 4/4
  1278 | D:2      | XOM: give mutations
  1278 | D:2      | Gained mutation: You are agile. (Dex +2) [Xom's mischief]
  1278 | D:2      | Gained mutation: You are frail (-10% HP). [Xom's mischief]
  1278 | D:2      | Gained mutation: You are weak. (Str -2) [Xom's mischief]
  1846 | D:2      | XOM: harmless Chrm miscast
  1907 | D:2      | XOM: harmless Air miscast
  1938 | D:2      | Reached skill level 5 in Long Blades
  2278 | D:3      | XOM: medium Summ miscast
  2279 | D:3      | Noticed a small abomination
  2280 | D:3      | XOM: butterfly on damage
  2307 | D:2      | XOM: medium Tloc miscast
  2307 | D:2      | Cast into level 1 of the Abyss (the capriciousness of Xom)
  2314 | Abyss:1  | Gained mutation: Your spells are a little easier to cast, but a little less powerful. [potion of mutation]
  2314 | Abyss:1  | Gained mutation: You regenerate slowly when monsters are visible. [potion of mutation]
  2363 | Abyss:1  | Noticed a small abomination
  2377 | Abyss:1  | Noticed a worldbinder
  2378 | Abyss:1  | Noticed a large abomination
  2380 | Abyss:1  | Noticed a deep elf mage
  2380 | Abyss:1  | Noticed a deep elf mage
  2384 | Abyss:1  | Slain by a small abomination

Skill      XL: |  1  2  3  4 |
---------------+-------------+-----
Long Blades    | 3 4 5 |  5.0
Fighting       | |  3.0
Armour         | |  1.7
Dodging        | |  0.8

Action                   |  1- 3 |  4- 6 || total
-------------------------+-------+-------++-------
Melee: Falchion          |   102 |    81 ||   183
       Kick              |    13 |    13 ||    26
  Use: Scroll            |     2 |     7 ||     9
       Potion            |     1 |     2 ||     3
 Stab: Paralysed         |     3 |       ||     3
  Eat: Chunk             |     1 |     3 ||     4
Armor: Leather armour    |    38 |    50 ||    88
Dodge: Dodged            |    75 |    45 ||   120
